 Dungeon Crawl Stone Soup version 0.31-a0-157-g0643eb4156 (webtiles) character file.

Game seed: 7878588958499554005

6678 qw the Cleaver (level 11, -14/71 HPs)
             Began as a Gargoyle Fighter on June 12, 2023.
             Was an Elder of Okawaru.
             Killed from afar by an efreet (17 damage)
             ... with a fireball
             ... on level 8 of the Dungeon.
             The game lasted 00:03:42 (7655 turns).

qw the Cleaver (Gargoyle Fighter)                   Turns: 7655, Time: 00:03:42

Health: -14/71     AC: 21    Str: 30    XL:     11   Next: 3%
Magic:  12/14      EV: 11    Int: 12    God:    Okawaru [****..]
Gold:   518        SH:  6    Dex:  8    Spells: 10/10 levels left

rFire   . . .        Y - +0 war axe (drain)
rCold   . . .        c - +0 buckler
rNeg    + + .        j - +0 chain mail
rPois   inf          f - +2 hat
rElec   +            (no cloak)
rCorr   .            (no gloves)
SInv    +            (no boots)
Will    .....        (no amulet) Stlth
                     r - +6 ring of strength
HPRegen 0.31/turn    i - ring of positive energy
MPRegen 0.14/turn

%: no passive effects
@: about to teleport, heroic
A: sickness immunity, AC +8, negative energy resistance 1, electricity
resistance, torment resistance 1, petrification resistance, talons 1, see
invisible, clever 1
a: Renounce Religion, Heroism, Finesse


You were on level 8 of the Dungeon.
You worshipped Okawaru.
Okawaru was greatly pleased with you.
You visited 2 branches of the dungeon, and saw 11 of its levels.

You collected 518 gold pieces.


Innate Abilities, Weirdness & Mutations

You are immune to sickness and miasma.
Your stone body is resilient. (AC +8)
You are immune to poison.
You resist negative energy. (rN+)
You are resistant to electric shocks. (rElec)
You are resistant to unholy torment.
You are immune to petrification.
You have sharp toenails.
You have supernaturally acute eyesight. (SInv)
Your mind is acute. (Int +4, Str/Dex -1)


   Skills:
 - Level 9.3(14.3) Fighting
 + Level 11.1(16.1) Axes
 - Level 2.0(7.0) Throwing
 - Level 5.5(10.5) Armour
 - Level 3.0(8.0) Dodging
 - Level 5.0(10.0) Shields
 + Level 4.3 Invocations


You had 10 spell levels left.
You didn't know any spells.
Your spell library was empty.

Inventory:

Hand Weapons
 h - a +0 war axe
 n - a +0 hand axe of flaming
 Y - a +0 war axe of draining (weapon)
Missiles
 m - a boomerang (quivered)
Armour
 c - a +0 buckler (worn)
 f - a +2 hat (worn)
 j - a +0 chain mail (worn)
 q - a +0 plate armour
Jewellery
 i - a ring of positive energy (right hand)
 p - a ring of willpower
 r - a +6 ring of strength (left hand)
Scrolls
 l - a scroll of identify
Potions
 a - a potion of curing
 b - 2 potions of lignification
 d - a potion of might
 e - a potion of mutation
 g - a potion of attraction {unknown}
 o - a potion of resistance {unknown}
 s - 2 potions of heal wounds {unknown}

Dungeon Overview and Level Annotations

Branches:
Dungeon (10/15)            Temple (1/1) D:5
   Lair: D:8-11         Orc: D:9-12

Altars:
Ashenzari
Cheibriados
Dithmenos
Elyvilon
Fedhas
Gozag
Hepliaklqana
Kikubaaqudgha
Makhleb
Nemelex Xobeh
Okawaru
Qazlal
Ru
Vehumet
Wu Jian
Xom
Yredelemnul
Zin
The Shining One

Shops:
D:3 (


Message History

The efreet hits you but does no damage.
You hit the efreet. You claw the efreet.
The efreet is heavily wounded.
The efreet barely misses you.
You barely miss the efreet.
The efreet is heavily wounded.
The efreet hits you with a +2 scimitar of flaming.
The efreet burns you.
You barely miss the efreet.
The efreet is heavily wounded.
The efreet gestures at you.
The fireball explodes!
The fireball engulfs you!
The fireball engulfs the efreet.
The efreet completely resists.
You hear a shout!
7650 ||| INVOKING Heroism.
You gain the combat prowess of a mighty hero.
The efreet gestures at you. The bolt of fire hits you.
You slash the efreet! You claw the efreet, but do no damage.
The efreet is severely wounded.
The efreet hits you with a +2 scimitar of flaming!
The efreet burns you.
You hit the efreet but do no damage. You claw the efreet, but do no damage.
The efreet is severely wounded.
You hit the efreet but do no damage. You claw the efreet, but do no damage.
The efreet is severely wounded.
The efreet hits you with a +2 scimitar of flaming!
The efreet burns you.
7654 ||| READING scroll of teleportation.
As you read the scroll of teleportation, it crumbles to dust.
You feel strangely unstable. The efreet gestures at you.
The fireball explodes!
The fireball engulfs you.
The fireball engulfs the efreet.
The efreet completely resists.
You hear a shout!
You hit the efreet. You claw the efreet, but do no damage.
The efreet is almost dead.
The efreet gestures at you.
The fireball explodes!
The fireball engulfs you!
You die...

.# .... #####.# ...
#.. ##H.)#
.####.###...
##.###H##.#.#...#...
#.## #)#.#...#.#.#.
#.# }#..#......#.
#.## #.#...)##...
##R### ##.#.#...#...
##@.###.####.###...
###.#}###.....##..
##.###.......##.
####......#####
#..%.#####..#
##..###.._.#.#
#......}#...8.
#.#..###}.....#
##.##....####.._#


You could see an efreet.

Vanquished Creatures
  A two-headed ogre (D:8)
  A deep elf pyromancer (D:8)
  A manticore (D:8)
  An ugly thing (D:8)
  A komodo dragon (D:8)
  4 hogs (D:8)
  A human (D:8)
  2 steam dragons (D:8)
  Menkaure (D:5)
  5 water moccasins
  2 orc warriors (D:8)
  A sky beast (D:7)
  2 black bears
  3 ice beasts
  A phantom (D:4)
  3 kobold brigands
  Blork the orc (D:5)
  8 bullfrogs
  5 scorpions
  3 wights
  3 killer bees (D:10)
  8 howler monkeys
  5 hounds
  3 jellies
  5 orc priests
  A sleepcap (D:6)
  Natasha (twice) (D:2)
  4 iguanas
  5 orc wizards
  A gnoll (D:1)
  4 adders
  A shadow imp (D:7)
  A white imp (D:6)
  3 ufetubi
  2 dart slugs
  39 orcs
  10 bats
  6 endoplasms
  5 giant cockroaches
  5 goblins
  4 hobgoblins
  2 quokkas (D:1)
  5 ball pythons
  6 frilled lizards
  12 kobolds
  8 rats
197 creatures vanquished.

Notes
Turn   | Place    | Note
-------+----------+-------------------------------------------
     0 | D:1      | qw the Gargoyle Fighter began the quest for the Orb.
     0 | D:1      | Reached XP level 1. HP: 14/14 MP: 1/1
     0 | D:1      | 0 ||| qw: Version: 0.2-a-29-gc1b59c4
     0 | D:1      | 0 ||| qw: Game counter: 4111
     0 | D:1      | 0 ||| qw: Always use a shield: true
     0 | D:1      | 0 ||| qw: God list: Okawaru
     0 | D:1      | 0 ||| qw: Allow faded altars: false
     0 | D:1      | 0 ||| qw: Do Orc after D:15 true
     0 | D:1      | 0 ||| qw: Do second Lair branch before Depths: true
     0 | D:1      | 0 ||| qw: Lair rune preference: random
     0 | D:1      | 0 ||| qw: Plans: Normal, Zot:1-4, Slime:5, God:TSO, Crypt,
                  | Tomb, Abyss, Pan, Hells, Win
     0 | D:1      | 0 ||| PLANNING D:1-11
    55 | D:1      | Reached skill level 2 in Axes
    94 | D:1      | Reached XP level 2. HP: 14/19 MP: 2/2
   274 | D:1      | Reached skill level 3 in Axes
   363 | D:1      | Reached XP level 3. HP: 23/23 MP: 3/3
   532 | D:1      | 532 ||| DROPPING +0 whip.
   839 | D:1      | 839 ||| READING scroll labelled IGAYTHECWI.
   923 | D:2      | Reached skill level 1 in Throwing
  1270 | D:2      | Reached XP level 4. HP: 27/28 MP: 4/4
  1289 | D:2      | 1289 ||| DROPPING +5 mace.
  1292 | D:2      | Noticed Natasha
  1293 | D:2      | 1293 ||| Stepping ~*~*~tactically~*~*~ (hiding).
  1298 | D:2      | Killed Natasha
  1299 | D:2      | Reached skill level 4 in Axes
  1652 | D:2      | 1652 ||| UPGRADING to +0 chain mail.
  1662 | D:2      | 1662 ||| DROPPING +0 scale mail.
  1663 | D:2      | 1663 ||| READING 2 scrolls labelled DIT NIUXAHYBO.
  1664 | D:2      | 1664 ||| READING 2 scrolls labelled HUG IZUHIC.
  1665 | D:2      | 1665 ||| DRINKING 2 sapphire potions.
  1665 | D:2      | Gained mutation: You have sharp toenails. [potion of
                  | mutation]
  1665 | D:2      | Gained mutation: Your mind is acute. (Int +4, Str/Dex -1)
                  | [potion of mutation]
  1665 | D:2      | Gained mutation: You have supernaturally acute eyesight.
                  | (SInv) [potion of mutation]
  1666 | D:2      | 1666 ||| DROPPING scroll of vulnerability.
  1684 | D:2      | Noticed Natasha
  1685 | D:2      | 1685 ||| Stepping ~*~*~tactically~*~*~ (stealth).
  1690 | D:2      | 1690 ||| Stepping ~*~*~tactically~*~*~ (hiding).
  1700 | D:2      | Killed Natasha
  1701 | D:2      | Reached XP level 5. HP: 26/32 MP: 5/5
  1867 | D:3      | Found a shadowy altar of Dithmenos.
  1989 | D:3      | 1989 ||| Stepping ~*~*~tactically~*~*~ (stealth).
  1992 | D:3      | 1992 ||| Stepping ~*~*~tactically~*~*~ (hiding).
  2030 | D:3      | HP: 7/32 [orc/+0 morningstar (9)]
  2145 | D:3      | Found Seotes's Weapon Boutique.
  2207 | D:3      | Reached skill level 5 in Axes
  2672 | D:4      | 2672 ||| Stepping ~*~*~tactically~*~*~ (hiding).
  2674 | D:4      | 2674 ||| Stepping ~*~*~tactically~*~*~ (hiding).
  2676 | D:4      | 2676 ||| Stepping ~*~*~tactically~*~*~ (hiding).
  3138 | D:4      | Noticed a phantom
  3155 | D:4      | Killed a phantom
  3156 | D:4      | Reached XP level 6. HP: 39/39 MP: 6/6
  3545 | D:4      | 3545 ||| UPGRADING to +6 ring of strength.
  3546 | D:4      | 3546 ||| READING 2 scrolls labelled MOCSONW VONTI.
  3547 | D:4      | 3547 ||| READING 2 scrolls labelled PERESUCSIP.
  3548 | D:4      | 3548 ||| READING scroll labelled APEPPE PUHO.
  3553 | D:4      | 3553 ||| READING scroll labelled EWKABL CIMMIGY.
  3554 | D:4      | 3554 ||| READING scroll labelled PEHUHU YKHLEVAP.
  3555 | D:4      | 3555 ||| DRINKING 2 fuming orange potions.
  3556 | D:4      | 3556 ||| DRINKING 2 fuming red potions.
  3557 | D:4      | 3557 ||| READING 2 scrolls of identify.
  3557 | D:4      | 3557 ||| IDENTIFYING fizzy yellow potion
  3558 | D:4      | 3558 ||| DROPPING potion of enlightenment.
  3559 | D:4      | 3559 ||| DROPPING scroll of blinking.
  3560 | D:4      | 3560 ||| DROPPING scroll of amnesia.
  3599 | D:5      | Entered Level 5 of the Dungeon
  3612 | D:5      | Noticed a black bear
  3620 | D:5      | Killed a black bear
  3742 | D:5      | Found a staircase to the Ecumenical Temple.
  3743 | D:5      | 3743 ||| PLANNING TEMPLE
  3751 | Temple   | Entered the Ecumenical Temple
  3757 | Temple   | 3757 ||| PLANNING OKAWARU WORSHIP
  3908 | Temple   | Became a worshipper of Warmaster Okawaru
  3908 | Temple   | 3908 ||| PLANNING D:1-11
  3955 | D:5      | Reached skill level 6 in Axes
  3955 | D:5      | Reached XP level 7. HP: 44/44 MP: 7/7
  4139 | D:5      | 4139 ||| Stepping ~*~*~tactically~*~*~ (stealth).
  4141 | D:5      | 4141 ||| Stepping ~*~*~tactically~*~*~ (hiding).
  4146 | D:5      | Reached skill level 1 in Dodging
  4244 | D:5      | Noticed Blork the orc
  4245 | D:5      | 4245 ||| Stepping ~*~*~tactically~*~*~ (stealth).
  4284 | D:5      | 4284 ||| Stepping ~*~*~tactically~*~*~ (stealth).
  4290 | D:5      | 4290 ||| Stepping ~*~*~tactically~*~*~ (stealth).
  4300 | D:5      | 4300 ||| Stepping ~*~*~tactically~*~*~ (stealth).
  4302 | D:5      | 4302 ||| Stepping ~*~*~tactically~*~*~ (stealth).
  4304 | D:5      | 4304 ||| Stepping ~*~*~tactically~*~*~ (stealth).
  4309 | D:5      | Killed Blork the orc
  4315 | D:5      | 4315 ||| DROPPING +0 morningstar.
  4321 | D:5      | Noticed Menkaure
  4334 | D:5      | Killed Menkaure
  4334 | D:5      | Reached * piety under Okawaru
  4335 | D:5      | Reached skill level 7 in Axes
  4462 | D:5      | Reached XP level 8. HP: 48/48 MP: 8/8
  4755 | D:5      | 4755 ||| UPGRADING to ring of positive energy.
  4756 | D:5      | 4756 ||| DRINKING 2 lumpy orange potions.
  4757 | D:5      | 4757 ||| DRINKING 2 potions of curing.
  4757 | D:5      | 4757 ||| (to cure confusion)
  4758 | D:5      | 4758 ||| DRINKING 3 inky potions.
  4759 | D:5      | 4759 ||| DROPPING potion of ambrosia.
  4760 | D:5      | 4760 ||| DROPPING 2 potions of brilliance.
  4799 | D:6      | Reached skill level 1 in Invocations
  4833 | D:6      | 4833 ||| Stepping ~*~*~tactically~*~*~ (stealth).
  4853 | D:6      | 4853 ||| Stepping ~*~*~tactically~*~*~ (stealth).
  4859 | D:6      | 4859 ||| Stepping ~*~*~tactically~*~*~ (hiding).
  4861 | D:6      | 4861 ||| Stepping ~*~*~tactically~*~*~ (hiding).
  4862 | D:6      | 4862 ||| Stepping ~*~*~tactically~*~*~ (hiding).
  5099 | D:6      | 5099 ||| INVOKING Heroism.
  5106 | D:6      | Reached skill level 3 in Invocations
  5165 | D:6      | 5165 ||| Stepping ~*~*~tactically~*~*~ (hiding).
  5233 | D:6      | 5233 ||| INVOKING Heroism.
  5322 | D:6      | Reached skill level 8 in Axes
  5374 | D:6      | 5374 ||| DRINKING 3 coppery potions.
  5479 | D:6      | 5479 ||| READING 2 scrolls of identify.
  5479 | D:6      | 5479 ||| IDENTIFYING fizzy black potion
  5480 | D:6      | 5480 ||| DROPPING 2 potions of berserk rage.
  5481 | D:6      | 5481 ||| DROPPING potion of invisibility.
  5550 | D:7      | Reached ** piety under Okawaru
  5551 | D:7      | Reached skill level 6 in Fighting
  5565 | D:7      | Reached XP level 9. HP: 55/55 MP: 12/12
  5597 | D:7      | You fall into a shaft and drop 3 floors!
  5597 | D:10     | Entered Level 10 of the Dungeon
  5609 | D:10     | 5609 ||| READING scroll labelled YDIFEZ HENOLEL.
  5610 | D:10     | 5610 ||| READING scroll labelled SACOEB MOOWK.
  5632 | D:10     | 5632 ||| INVOKING Heroism.
  5706 | D:9      | Found a radiant altar of Vehumet.
  5749 | D:8      | 5749 ||| INVOKING Heroism.
  5761 | D:8      | HP: 12/55 [orc warrior/+0 scimitar (5)]
  5762 | D:8      | 5762 ||| READING scroll of teleportation.
  5764 | D:8      | Reached skill level 9 in Axes
  5770 | D:8      | 5770 ||| Stepping ~*~*~tactically~*~*~ (stealth).
  5771 | D:8      | 5771 ||| FLEEEEING.
  5773 | D:8      | HP: 10/55 [bullfrog (1)]
  5774 | D:8      | HP: 4/55 [bullfrog (6)]
  5778 | D:8      | 5778 ||| FLEEEEING.
  5779 | D:8      | 5779 ||| FLEEEEING.
  5780 | D:8      | 5780 ||| STAIRDANCE
  6053 | D:7      | 6053 ||| INVOKING Heroism.
  6251 | D:7      | 6251 ||| Stepping ~*~*~tactically~*~*~ (stealth).
  6277 | D:7      | 6277 ||| Stepping ~*~*~tactically~*~*~ (stealth).
  6438 | D:7      | 6438 ||| Stepping ~*~*~tactically~*~*~ (stealth).
  6439 | D:7      | 6439 ||| Stepping ~*~*~tactically~*~*~ (stealth).
  6658 | D:7      | 6658 ||| UPGRADING to +1 hat.
  6663 | D:7      | 6663 ||| READING scroll of enchant armour.
  6663 | D:7      | 6663 ||| ENCHANTING +1 hat.
  6717 | D:8      | 6717 ||| INVOKING Heroism.
  6731 | D:8      | Reached skill level 10 in Axes
  6738 | D:8      | 6738 ||| INVOKING Heroism.
  6745 | D:8      | Reached XP level 10. HP: 38/63 MP: 10/13
  6746 | D:8      | HP: 15/63 [steam dragon/ball of steam (22)]
  6759 | D:8      | 6759 ||| FLEEEEING.
  6762 | D:8      | 6762 ||| FLEEEEING.
  6763 | D:8      | 6763 ||| FLEEEEING.
  6764 | D:8      | 6764 ||| STAIRDANCE
  6993 | D:8      | 6993 ||| INVOKING Heroism.
  7014 | D:8      | 7014 ||| Stepping ~*~*~tactically~*~*~ (hiding).
  7015 | D:8      | 7015 ||| Stepping ~*~*~tactically~*~*~ (hiding).
  7137 | D:8      | 7137 ||| INVOKING Heroism.
  7168 | D:8      | 7168 ||| Stepping ~*~*~tactically~*~*~ (stealth).
  7218 | D:8      | 7218 ||| Stepping ~*~*~tactically~*~*~ (stealth).
  7230 | D:8      | Reached *** piety under Okawaru
  7238 | D:8      | Reached skill level 11 in Axes
  7334 | D:8      | 7334 ||| DRINKING 3 potions of curing.
  7334 | D:8      | 7334 ||| (to cure confusion)
  7335 | D:8      | 7335 ||| DRINKING 2 potions of curing.
  7335 | D:8      | 7335 ||| (to cure confusion)
  7339 | D:8      | Noticed a cyan ugly thing
  7355 | D:8      | 7355 ||| INVOKING Heroism.
  7358 | D:8      | Killed a cyan ugly thing
  7383 | D:8      | 7383 ||| INVOKING Heroism.
  7441 | D:8      | 7441 ||| Stepping ~*~*~tactically~*~*~ (stealth).
  7442 | D:8      | 7442 ||| Stepping ~*~*~tactically~*~*~ (stealth).
  7470 | D:8      | Found the +4 robe of Augmentation {Str+4 Int+4 Dex+4}
  7499 | D:8      | Found an ancient bone altar of Kikubaaqudgha.
  7508 | D:8      | Found a shadowy altar of Dithmenos.
  7551 | D:8      | Noticed a deep elf pyromancer
  7555 | D:8      | Noticed a two-headed ogre
  7556 | D:8      | 7556 ||| INVOKING Heroism.
  7559 | D:8      | Killed a deep elf pyromancer
  7560 | D:8      | Reached skill level 9 in Fighting
  7565 | D:8      | Killed a two-headed ogre
  7565 | D:8      | Reached **** piety under Okawaru
  7566 | D:8      | Reached skill level 3 in Dodging
  7566 | D:8      | Reached XP level 11. HP: 40/71 MP: 12/14
  7593 | D:8      | Noticed a manticore
  7594 | D:8      | 7594 ||| Stepping ~*~*~tactically~*~*~ (stealth).
  7595 | D:8      | 7595 ||| Stepping ~*~*~tactically~*~*~ (stealth).
  7596 | D:8      | 7596 ||| Stepping ~*~*~tactically~*~*~ (stealth).
  7601 | D:8      | 7601 ||| Stepping ~*~*~tactically~*~*~ (stealth).
  7602 | D:8      | 7602 ||| Stepping ~*~*~tactically~*~*~ (stealth).
  7603 | D:8      | 7603 ||| Stepping ~*~*~tactically~*~*~ (stealth).
  7611 | D:8      | 7611 ||| Stepping ~*~*~tactically~*~*~ (stealth).
  7612 | D:8      | 7612 ||| Stepping ~*~*~tactically~*~*~ (stealth).
  7613 | D:8      | 7613 ||| Stepping ~*~*~tactically~*~*~ (stealth).
  7618 | D:8      | 7618 ||| INVOKING Heroism.
  7621 | D:8      | Killed a manticore
  7639 | D:8      | 7639 ||| Stepping ~*~*~tactically~*~*~ (stealth).
  7650 | D:8      | 7650 ||| INVOKING Heroism.
  7653 | D:8      | HP: 12/71 [efreet/+2 scimitar of flaming (13)]
  7654 | D:8      | 7654 ||| READING scroll of teleportation.
  7654 | D:8      | HP: 2/71 [efreet/fireball (4)]
  7655 | D:8      | Killed from afar by an efreet

Levels and vault maps discovered:
D:1:      minmay_arrival_solitary_statue, layout_basic
D:2:      layout_basic, uniq_natasha
D:3:      layout_loops_ring, nicolae_dithmenos_the_darkroom, serial_shops, shop,
          wander_ebering_terrifying_dragon_lair
D:4:      layout_gridville
D:5:      layout_gridville, minmay_temple_entry_overgrown, hex_large,
          uniq_menkaure, uniq_blork_the_orc
D:6:      layout_basic
D:7:      minmay_skewed_foursquare, layout_basic
D:8:      minmay_the_grid_octo_tiled_octocenter [minmay_the_grid_octo_horde,
          minmay_the_grid_octo_vomiting_pacman, minmay_the_grid_octo_empty,
          minmay_the_grid_octo_empty, minmay_the_grid_octo_prize_single_spiral,
          minmay_the_grid_square_5x5_almost_minimal,
          minmay_the_grid_square_5x5_mess, minmay_the_grid_square_5x5_two_small,
          minmay_the_grid_square_5x5_inverted_slash], layout_cave_pools,
          mainiacjoe_overflow_divided_tiny, grunt_livestock
D:9:      layout_gridville, fiery_altar_vehumet
D:10:     layout_long_grid, nicolae_overflow_squiral, laboratory
Temple:   regret_index_temple_sphere_string

Skill      XL: |  1  2  3  4  5  6  7  8  9 10 |
---------------+-------------------------------+-----
Axes           | 2 3 4 5 6 7 8 10 11 | 11.1
Throwing       | 1 2 |  2.0
Fighting       | 4 6 7 9 |  9.3
Dodging        | 1 3 |  3.0
Invocations    | 4 |  4.3
Shields        | 4 5 |  5.0
Armour         | 4 5 |  5.5

Action                     |  1- 3 |  4- 6 |  7- 9 | 10-12 || total
---------------------------+-------+-------+-------+-------++-------
  Melee: War axe           |    96 |   114 |   201 |   127 ||   538
         Kick              |       |    19 |    37 |    35 ||    91
  Throw: Javelin           |    10 |    32 |    19 |       ||    61
         Boomerang         |       |       |    48 |    37 ||    85
 Invoke: Heroism           |       |       |     7 |     7 ||    14
    Use: Scroll            |     1 |     8 |     5 |     1 ||    15
         Potion            |       |     3 |     4 |     2 ||     9
 Armour: Scale mail        |    55 |    10 |       |       ||    65
         Chain mail        |       |    47 |   113 |    57 ||   217
  Dodge: Dodged            |    52 |    32 |    93 |    30 ||   207
  Block: Buckler           |    16 |    28 |    41 |    18 ||   103

Table legend:
 A = Non-vault XP
 B = Vault XP
 C = Vault XP percentage of total XP
 D = Non-vault monster count
 E = Vault monster count
 F = Vault count percentage of total count
                 A         B        C        D         E       F
            +---------+---------+-------+---------+---------+-------
      Total |    4433 |    5108 |  53.5 |     164 |      33 |  16.8
            +---------+---------+-------+---------+---------+-------
        D:1 |      53 |       0 |   0.0 |      27 |       0 |   0.0
        D:2 |      79 |      35 |  30.7 |      16 |       1 |   5.9
        D:3 |      94 |       1 |   1.1 |      21 |       1 |   4.5
        D:4 |     135 |       0 |   0.0 |      10 |       0 |   0.0
        D:5 |     563 |     255 |  31.2 |      17 |       2 |  10.5
        D:6 |     814 |       0 |   0.0 |      20 |       0 |   0.0
        D:7 |    1076 |     237 |  18.1 |      20 |       5 |  20.0
        D:8 |    1433 |    4580 |  76.2 |      30 |      24 |  44.4
       D:10 |     186 |       0 |   0.0 |       3 |       0 |   0.0
            +---------+---------+-------+---------+---------+-------
